 Dungeon Crawl Stone Soup version 0.29-a0-551-gffc1d7fb78 (webtiles) character file.

Game seed: 966846758664592632

23 Hubjo the Insei (level 2, -3/22 HPs)
             Began as a Demonspawn Transmuter on June 5, 2022.
             Slain by a hobgoblin (4 damage)
             ... on level 2 of the Dungeon.
             The game lasted 00:01:21 (812 turns).

Hubjo the Insei (Demonspawn Transmuter)              Turns: 812, Time: 00:01:21

Health: -3/22      AC:  2    Str: 10    XL:     2   Next: 75%
Magic:  5/5        EV:  9    Int: 14    God:
Gold:   31         SH:  0    Dex: 13    Spells: 4/5 levels left

rFire   . . .      SeeInvis .     - Unarmed
rCold   . . .      Faith    .   (no shield)
rNeg    . . .      Spirit   .   a - +0 robe
rPois   .          Reflect  .   (helmet currently unavailable)
rElec   .          Harm     .   (no cloak)
rCorr   .          Rampage  .   (no gloves)
Will    .....                   (boots currently unavailable)
Stlth   +.........              (no amulet)
HPRegen 0.07/turn               (no ring)
MPRegen 0.09/turn               (no ring)

@: appendages (expiring), hasted, constricted, very quick
A: horns 2, talons 2, demonic magic 1
a: End Transformation


You were on level 2 of the Dungeon.
You had temporarily grown beastly horns and talons.
You visited 1 branch of the dungeon, and saw 2 of its levels.

You collected 31 gold pieces.

Inventory:

Armour
 a - a +0 robe (worn)
 g - a +2 helmet (melded)
Scrolls
 e - 2 scrolls of magic mapping {unknown}
 f - 2 scrolls of identify {unknown}
 j - a scroll of immolation {unknown}
Potions
 b - a potion of lignification
 c - a potion of berserk rage {unknown}
 d - a potion of attraction {unknown}
 h - a potion of resistance {unknown}
 i - a potion of brilliance {unknown}
 k - a potion of haste
 l - a potion of mutation {unknown}


   Skills:
 * Level 1.8 Fighting
 - Level 1.7 Dodging
 + Level 0.7 Stealth
 + Level 2.8 Unarmed Combat
 + Level 2.2 Spellcasting
 + Level 2.0 Transmutations


You had 4 spell levels left.
You knew the following spells:

 Your Spells              Type           Power      Damage    Failure   Level
a - Beastly Appendage     Tmut           14%        N/A       10%         1

Your spell library contained the following spells:

 Spells                   Type           Power      Damage    Failure   Level
 Wereblood                Tmut           7%         N/A       16%         2
 Spider Form              Tmut/Pois      4%         N/A       41%         3
 Ice Form                 Ice/Tmut       4%         N/A       83%         4


Dungeon Overview and Level Annotations

Branches:
Dungeon (2/15)

Altars:


Innate Abilities, Weirdness & Mutations

You have temporarily grown beastly horns and talons.
Spells you cast may paralyse adjacent enemies.


Message History

The hobgoblin shouts!
You hit the worm. You claw the worm. You headbutt the worm.
You kill the worm!
The adder bites you. The hobgoblin closely misses you.
You completely miss the hobgoblin.
Your transformation is almost over.
The adder misses you.
A ball python comes into view.
The ball python bites you. The ball python misses you. The hobgoblin hits you.
The adder bites you but does no damage. The ball python bites you.
The ball python grabs you. The ball python constricts you.
You hit the adder.
The adder is lightly wounded.
The hobgoblin closely misses you. The adder closely misses you.
The ball python closely misses you. The ball python constricts you.
You closely miss the adder. Your kick misses the adder.
Your headbutt misses the adder.
The adder is lightly wounded.
The adder closely misses you. The hobgoblin closely misses you.
The ball python bites you. The ball python constricts you.
You hit the adder. Your kick misses the adder.
The adder is severely wounded.
The adder bites you.
* * * LOW HITPOINT WARNING * * *
The hobgoblin misses you. The ball python closely misses you.
The ball python constricts you.
You barely miss the adder. Your headbutt misses the adder.
Your punch misses the adder.
The adder is severely wounded.
The adder bites you.
* * * LOW HITPOINT WARNING * * *
The ball python closely misses you. The ball python constricts you.
The hobgoblin barely misses you.
Unknown command.
It was a potion of haste.
You feel yourself speed up. The adder bites you.
* * * LOW HITPOINT WARNING * * *
The ball python bites you.
* * * LOW HITPOINT WARNING * * *
The ball python constricts you. The hobgoblin hits you.
You die...

. .... . .. ..# .# .#..
##...##..#
...#.##.#.#.#..# ..
......... #
#.##.#.#.###### #.
#.........S...#.. ##..
#####.#.#>#S......
##...##.........@gg.....
......#†#####.###S......
......†.# #...# #......
........###.### ####..
............#### .
#..............#
##...######.##.#######
#.... #.##.#.<.... #.###
#......#


You could see an adder, 2 hobgoblins and 2 ball pythons.

Vanquished Creatures
  A worm (D:2)
  3 ball pythons (D:1)
  An endoplasm (D:1)
  2 giant cockroaches (D:1)
  2 goblins (D:1)
  2 kobolds (D:1)
  A quokka (D:1)
  4 bats
  4 rats
20 creatures vanquished.

Notes
Turn   | Place    | Note
-------+----------+-------------------------------------------
     0 | D:1      | Hubjo the Demonspawn Transmuter began the quest for the
                  | Orb.
     0 | D:1      | Reached XP level 1. HP: 15/15 MP: 3/3
   202 | D:1      | Gained mutation: Spells you cast may paralyse adjacent
                  | enemies. [demonic ancestry]
   202 | D:1      | Reached XP level 2. HP: 21/21 MP: 3/5
   812 | D:2      | HP: 1/22 [ball python (1)]
   812 | D:2      | Slain by a hobgoblin

Illustrated notes

Levels and vault maps discovered:
D:1:      onia_arrival_mini_spirals, layout_rooms
D:2:      layout_loops_ring, serial_shops, shop, basic_altar, uniq_robin,
          uniq_jessica

Skill      XL: |  1  2 |
---------------+-------+-----
Transmutations | 2 |  2.0
Fighting       | |  1.8
Dodging        | |  1.7
Stealth        | |  0.7
Unarmed Combat | |  2.8
Spellcasting   | |  2.2

Action                   || total
-------------------------++-------
Melee: Unarmed           ||    67
       Kick              ||    11
       Punch             ||     1
       Headbutt          ||     1
 Cast: Beastly Appendage ||     7
  Use: Potion            ||     1
 Stab: Sleeping          ||     3
       Paralysed         ||     3
Armor: Robe              ||    13
Dodge: Dodged            ||    59

Table legend: (Time is in decaauts)
 A = Elapsed time spent in this place.
 B = Non-inter-level travel time spent in this place.
 C = Inter-level travel time spent in this place.
 D = Time resting spent in this place.
 E = Time spent auto-exploring this place.
 F = Levels seen in this place.
 G = Mean time per level.
                   A        B        C        D        E       F      G
               +--------+--------+--------+--------+--------+-----+--------+
         Total |    808 |    801 |      7 |      0 |    612 |   2 |  404.0 |
       Dungeon |    808 |    801 |      7 |      0 |    612 |   2 |  404.0 |
               +--------+--------+--------+--------+--------+-----+--------+

Top non-repeatable levels by time:
     D:1: 692 daAuts
     D:2: 116 daAuts
